 Dungeon Crawl Stone Soup version 0.31.0-9-g3a7656b989 (webtiles) character file.

Game seed: 13275143714175837794

450 sanka the Ruffian (level 6, 61/61 HPs)
             Began as a Troll Monk on Jan 24, 2024.
             Was a Plaything of Xom.
             Quit the game on level 4 of the Dungeon.
             The game lasted 00:04:26 (2292 turns).

sanka the Ruffian (Troll Monk)                      Turns: 2292, Time: 00:04:27

Health: 61/61      AC:  6    Str: 20    XL:     6   Next: 74%
Magic:  5/5        EV: 10    Int:  6    God:    Xom [..*...]
Gold:   138        SH:  0    Dex: 17    Spells: 5/5 levels left

rFire   . .          .
                       - Unarmed
rCold   . . .        c - orb {light}
rNeg    . . .        t - +2 robe "Jeotwine" {Dex+3}
rPois   .            (helmet restricted)
rElec   .            (no cloak)
rCorr   +            (gloves unavailable)
SInv    .            (boots unavailable)
Will    .....        (no amulet)
Stlth   +            p - ring of flight
HPRegen 1.10/turn    h - ring of resist corrosion
MPRegen 0.09/turn

%: no passive effects
@: flying, glowing
A: large, unfitting armour, claws 3, regeneration 1, shaggy fur 1, tough skin 1
a: Renounce Religion


You were on level 4 of the Dungeon.
You worshipped Xom.
You were a toy of Xom.
You visited 1 branch of the dungeon, and saw 4 of its levels.

You collected 138 gold pieces.


Innate Abilities, Weirdness & Mutations

You are too large for most types of armour.
You have claws for hands.
Your natural rate of healing is unusually fast.
You are covered in fur. (AC +1)
You have tough skin. (AC +1)


   Skills:
 - Level 3.0 Fighting
 - Level 2.4 Dodging
 + Level 7.4 Unarmed Combat


You had 5 spell levels left.
You didn't know any spells.
Your spell library contained the following spells:

 Spells                   Type           Power      Damage    Failure   Level
 Apportation              Tloc           0%         N/A       45%         1
 Jinxbite                 Hex            0%         N/A       58%         2
 Lesser Beckoning         Tloc           0%         N/A       58%         2
 Gell's Gravitas          Tloc           0%         N/A       83%         3
 Teleport Other           Tloc           0%         N/A       83%         3
 Alistair's Intoxication  Alch           0%         N/A       100%        5

Inventory:

Armour
 b - a +1 robe of cold resistance
 c - an orb of light (worn)
 t - the +2 robe "Jeotwine" (worn) {Dex+3}

   Dex+3:     It affects your dexterity (+3).
Jewellery
 h - a ring of resist corrosion (right claw)
 p - a ring of flight (left claw)
 s - a ring of ice
Wands
 v - a wand of mindburst (14)
Scrolls
 e - a scroll of revelation {unknown}
 f - a scroll of summoning {unknown}
 i - a scroll of fog {unknown}
 k - 3 scrolls of amnesia {unknown}
 l - a scroll of acquirement {unknown}
 n - 6 scrolls of identify {unknown}
 o - a scroll of poison {unknown}
 q - 2 scrolls of teleportation {unknown}
 u - a scroll of noise {unknown}
Potions
 a - a potion of ambrosia
 d - a potion of lignification {unknown}
 g - a potion of curing {unknown}
 j - 2 potions of heal wounds {unknown}
 m - 2 potions of magic {unknown}
 r - a potion of berserk rage {unknown}

Dungeon Overview and Level Annotations

Branches:
Dungeon (4/15)
 Temple: D:4-7

Altars:
Hepliaklqana
Kikubaaqudgha
Trog
Xom
The Shining One

Annotations:
D:3 3 runed translucent doors, Anriel's ghost, amateur HuGl

▒..(.....▒
▒.▒
▒▒▒▒...▒▒▒▒
▒.▒ .▒
▒)..▒ ▒.▒
.▒ ▒...▒
▒.▒ .▒
▒...▒ ▒▒.▒▒
.▒▒▒...▒▒
▒...▒
........▒
▒▒▒'▒▒▒
........▒
▒▒.....▒▒
........▒
▒▒....T..▒▒
........▒
▒.........▒
........▒
▒...PPP...▒
........▒
▒...P⌠....▒
.▒▒▒▒▒▒▒▒
▒...P.P._.▒
.▒
▒.........▒
▒▒
▒▒.._....▒▒
▒▒▒▒
▒▒.....▒▒
...▒▒▒▒▒
▒▒▒▒▒▒▒


There were no monsters in sight!


Message History

There is a stone staircase leading down here.
There is a stone staircase leading down here.
As you open the door, it creaks loudly!
A ribbon worm comes into view.
Found two faded altars of an unknown god.
A ribbon worm is nearby!
The ribbon worm bites you.
There is an open door here.
You claw the ribbon worm!
The ribbon worm is heavily wounded.
The ribbon worm bites you.
You claw the ribbon worm!
You kill the ribbon worm!
No target in view!
No target in view!
Found a hazy altar of Hepliaklqana.
There is a faded altar of an unknown god here.
This altar belongs to (a) Okawaru, (b) Uskayaw or (c) Xom, but you can't tell which.
Press the corresponding letter to learn more about a god, or press enter to convert or escape to cancel.
Okay, then.
There is a faded altar of an unknown god here.
There is a hazy altar of Hepliaklqana here.
There is a faded altar of an unknown god here.
This altar belongs to (a) Fedhas, (b) Gozag or (c) Ignis, but you can't tell which.
Press the corresponding letter to learn more about a god, or press enter to convert or escape to cancel.
Okay, then.
There is a faded altar of an unknown god here.
This altar belongs to (a) Okawaru, (b) Uskayaw or (c) Xom, but you can't tell which.
Press the corresponding letter to learn more about a god, or press enter to convert or escape to cancel.
Xom accepts your prayer! Xom welcomes you!
Xom is interested.
Are you sure you want to abandon this character and quit the game? (Confirm with "yes".)

Action                     |  1- 3 |  4- 6 || total
---------------------------+-------+-------++-------
  Melee: Unarmed           |    78 |    84 ||   162
    Use: Potion            |       |     1 ||     1
 Armour: Robe              |    46 |    67 ||   113
  Dodge: Dodged            |    21 |    53 ||    74

Levels and vault maps discovered:
D:1:      dpeg_arrival_triangle_fractal, layout_loops_ring, chequers_jeans
D:2:      layout_rooms
D:3:      layout_basic, mainiacjoe_overflow_cross_hatched,
          gammafunk_temple_overflow_wave, gammafunk_ghost_nasty_kobolds
D:4:      layout_basic, nicolae_hepliaklqana_ecumenical_no_more,
          minmay_misc_feat_more_columns

Notes
Turn   | Place    | Note
-------+----------+-------------------------------------------
     0 | D:1      | sanka the Troll Monk began the quest for the Orb.
     0 | D:1      | Reached XP level 1. HP: 22/22 MP: 0/0
   233 | D:1      | Reached XP level 2. HP: 25/29 MP: 1/1
   852 | D:2      | Reached skill level 3 in Fighting
   852 | D:2      | Reached XP level 3. HP: 31/37 MP: 2/2
  1037 | D:2      | Reached skill level 4 in Unarmed Combat
  1228 | D:3      | Noticed Anriel's ghost (amateur HuGl)
  1233 | D:3      | Found a runed translucent gate.
  1233 | D:3      | Found a runed translucent gate.
  1233 | D:3      | Found a runed translucent gate.
  1234 | D:3      | Noticed a kobold brigand
  1427 | D:3      | Found an ancient bone altar of Kikubaaqudgha.
  1427 | D:3      | Found a glowing golden altar of the Shining One.
  1495 | D:3      | Found a bloodstained altar of Trog.
  1499 | D:3      | Reached XP level 4. HP: 44/45 MP: 3/3
  1509 | D:3      | Reached skill level 5 in Unarmed Combat
  1520 | D:3      | Reached XP level 5. HP: 10/53 MP: 4/4
  1532 | D:3      | Reached skill level 6 in Unarmed Combat
  1934 | D:4      | Identified the +2 robe "Jeotwine" {Dex+3}
  1970 | D:4      | Reached XP level 6. HP: 55/61 MP: 5/5
  2164 | D:4      | Reached skill level 7 in Unarmed Combat
  2268 | D:4      | Found a faded altar of an unknown god.
  2268 | D:4      | Found a faded altar of an unknown god.
  2272 | D:4      | Found a hazy altar of Hepliaklqana.
  2291 | D:4      | Prayed at the altar of an unknown god.
  2291 | D:4      | Became a worshipper of Xom of Chaos
  2292 | D:4      | Quit the game

Vanquished Creatures
  A black bear (D:4)
  2 bombardier beetles
  3 orc priests (D:3)
  3 orc wizards
  5 adders
  2 ribbon worms
  2 dart slugs
  11 orcs
  3 ball pythons (D:1)
  6 bats
  4 endoplasms
  4 giant cockroaches
  6 hobgoblins
  A quokka (D:1)
  A frilled lizard (D:1)
  8 goblins
  6 kobolds
  8 rats
76 creatures vanquished.
